 Dungeon Crawl Stone Soup version 0.30.1-4-g462c640d31 (webtiles) character file.

Game seed: 1463583291595750660

614 growler the Cruncher (level 7, -3/46 HPs)
             Began as a Human Wanderer on Aug 13, 2023.
             Slain by a centaur (4 damage)
             ... on level 5 of the Dungeon.
             The game lasted 00:10:44 (4746 turns).

growler the Cruncher (Human Wanderer)               Turns: 4746, Time: 00:10:45

Health: -3/46      AC: 10    Str: 10 (13) XL:     7   Next: 73%
Magic:  8/8        EV:  9    Int: 10 (13) God:
Gold:   256        SH:  0    Dex: 11 (13) Spells: 8/8 levels left

rFire   . . .        a - +0 quarterstaff
rCold   . . .        (shield currently unavailable)
rNeg    . . .        b - +0 ring mail
rPois   .            f - +0 helmet
rElec   .            x - +0 cloak
rCorr   .            o - +0 pair of gloves
SInv    .            q - +0 pair of boots
Will    +....        (no amulet)
Stlth   +            l - ring of willpower
HPRegen 0.27/turn    (no ring)
MPRegen 0.11/turn

%: no passive effects
@: no status effects
A: no striking features
a: no special abilities


You were on level 5 of the Dungeon.
You visited 1 branch of the dungeon, and saw 5 of its levels.

You collected 256 gold pieces.

Inventory:

Hand Weapons
 a - a +0 quarterstaff (weapon)
Missiles
 p - a throwing net (quivered)
Armour
 b - a +0 ring mail (worn)
 f - a +0 helmet (worn)
 o - a +0 pair of gloves (worn)
 q - a +0 pair of boots (worn)
 x - a +0 cloak (worn)
Jewellery
 l - a ring of willpower (left hand)
Scrolls
 d - 2 scrolls of silence {unknown}
 h - 4 scrolls of identify {unknown}
 k - 2 scrolls of teleportation
 m - a scroll of immolation {unknown}
 n - a scroll of enchant weapon {unknown}
 r - a scroll of magic mapping {unknown}
 s - a scroll of amnesia {unknown}
 u - a scroll of blinking
 w - 3 scrolls of vulnerability {unknown}
 y - a scroll of acquirement {unknown}
Potions
 c - a potion of attraction
 e - a potion of berserk rage {unknown}
 g - a potion of degeneration
 i - a potion of haste {unknown}
 j - a potion of might {unknown}
 t - 5 potions of curing {unknown}
 v - a potion of flight {unknown}
 z - a potion of mutation {unknown}


   Skills:
 + Level 8.1 Staves
 - Level 3.0 Armour
 - Level 2.0 Stealth
 - Level 1.0 Spellcasting
 - Level 2.0 Necromancy


You had 8 spell levels left.
You didn't know any spells.
Your spell library contained the following spells:

 Spells                   Type           Power      Damage    Failure   Level
 Necrotise                Necr           16%        1d4       36%         1
 Kiss of Death            Conj/Necr      8%         2d6       50%         1
 Magic Dart               Conj           0%         1d3       63%         1
 Call Imp                 Summ           0%         N/A       77%         2
 Poisonous Vapours        Pois/Air       0%         N/A       77%         2
 Mephitic Cloud           Conj/Pois/Air  0%         N/A       94%         3
 Anguish                  Hex/Necr       1%         N/A       99%         4
 Freezing Cloud           Conj/Ice/Air   0%         6-21      100%        5


Dungeon Overview and Level Annotations

Branches:
Dungeon (5/15)
 Temple: D:4-7

Altars:

Annotations:
D:3 1 runed translucent door, Rangus's ghost, amateur MfTm
D:5 Menkaure


Message History

The arrow completely misses you.
The arrow closely misses the phantom.
The centaur shoots an arrow.
The arrow hits you but does no damage.
The centaur shoots an arrow.
The arrow barely misses you.
The arrow hits the phantom!
The centaur shoots an arrow.
The arrow closely misses you.
The centaur shoots an arrow.
The arrow hits you!
The centaur unwields a +0 shortbow.
The centaur hits you but does no damage.
The centaur kicks you but does no damage.
You hit the centaur but do no damage.
The centaur hits you but does no damage.
The centaur kicks you but does no damage.
The phantom barely misses you.
Menkaure calls on the powers of darkness!
Something is bathed in an unholy light! x2; Your body is wracked with pain!
* * * LOW HITPOINT WARNING * * *
The centaur convulses!
You hit the centaur but do no damage.
The centaur is heavily wounded.
The centaur hits you but does no damage.
The centaur kicks you but does no damage.
The phantom hits you but does no damage.
Menkaure calls on the powers of darkness!
Something is bathed in an unholy light! x2; Your body is wracked with pain!
* * * LOW HITPOINT WARNING * * *
The centaur convulses!
The centaur barely misses you. The centaur misses you.
You closely miss the centaur.
The centaur is severely wounded.
The centaur barely misses you. The centaur kicks you.
* * * LOW HITPOINT WARNING * * *
The phantom hits you.
* * * LOW HITPOINT WARNING * * *
Menkaure calls on the powers of darkness!
Something is bathed in an unholy light! x2; You feel a surge of unholy energy.
The centaur convulses!
It was a potion of degeneration.
There was something very wrong with that liquid.
You feel weakened.
You feel dopey.
You feel clumsy. The centaur hits you.
You die...

..#####+###..# #.#.#
.#.......[...# #.#.# ###
.#...........#### #.#.# #..
.#............M.######'#.# ...
.#..........###.#........# #.#
.#..........# #.#........# #.#
.#..........# #{.........######.#
.#..........# ##W#####+#.........
.######'##### #@# ##.########.#
.######.########c####............
..................<##..########.#
.####.......####...##...#####....
#............................
#.........##.###....####....#
#.......#.##.# ##)....##.##.#
#.......#.##.# #...#....##.#
#.......#.##.# #........##..


You could see a phantom, Menkaure (fast) and a centaur.

Vanquished Creatures
  Duvessa (D:4)
  2 scorpions
  Dowan (D:4)
  A hound (D:4)
  2 jellies
  2 iguanas
  An orc wizard (D:5)
  Robin (D:3)
  7 adders
  3 dart slugs
  9 orcs
  7 ball pythons
  2 bats
  9 endoplasms
  4 giant cockroaches
  15 goblins
  10 hobgoblins
  4 jackals (D:3)
  10 kobolds
  A quokka (D:2)
  6 frilled lizards
  8 rats
106 creatures vanquished.

Notes
Turn   | Place    | Note
-------+----------+-------------------------------------------
     0 | D:1      | growler the Human Wanderer began the quest for the Orb.
     0 | D:1      | growler set off with the following items: a +0
                  | quarterstaff, a +0 ring mail, a potion of attraction; and
                  | the following spells available to memorise: Necrotise, Kiss
                  | of Death, Anguish.
     0 | D:1      | Reached XP level 1. HP: 13/13 MP: 2/2
   128 | D:1      | Reached XP level 2. HP: 18/19 MP: 3/3
   319 | D:1      | Reached skill level 3 in Staves
   438 | D:1      | Reached XP level 3. HP: 12/24 MP: 4/4
  1347 | D:2      | Found a faded altar of an unknown god.
  1463 | D:2      | HP: 1/24 [adder (4)]
  1467 | D:2      | Reached skill level 4 in Staves
  1467 | D:2      | Reached XP level 4. HP: 15/30 MP: 5/5
  1964 | D:3      | You fall into a shaft and drop 1 floor!
  1981 | D:4      | Noticed a scorpion
  2001 | D:4      | Killed a scorpion
  2002 | D:4      | Reached skill level 5 in Staves
  2002 | D:4      | Reached XP level 5. HP: 11/35 MP: 6/6
  2674 | D:3      | Noticed Robin
  2710 | D:3      | Reached XP level 6. HP: 14/41 MP: 7/7
  2717 | D:3      | HP: 2/41 [goblin/+0 dagger[Robin] (3)]
  2731 | D:3      | Killed Robin
  2892 | D:3      | Found a runed translucent door.
  2892 | D:3      | Noticed Rangus's ghost (amateur MfTm)
  3094 | D:3      | Reached skill level 6 in Staves
  3487 | D:4      | Noticed Dowan
  3488 | D:4      | Noticed Duvessa
  3645 | D:4      | Killed Duvessa
  3729 | D:4      | Reached skill level 7 in Staves
  3729 | D:4      | Reached XP level 7. HP: 38/46 MP: 8/8
  3781 | D:4      | Killed Dowan
  4298 | D:5      | Entered Level 5 of the Dungeon
  4563 | D:5      | Reached skill level 8 in Staves
  4690 | D:5      | Noticed Menkaure
  4745 | D:5      | HP: 1/46 [phantom (4)]
  4746 | D:5      | Slain by a centaur

Illustrated notes

Levels and vault maps discovered:
D:1:      sevenhm_arrival_forest_fort_small_3, layout_basic
D:2:      layout_loops_ring, ebering_ecumenical_altar_mist
D:3:      layout_basic, hellmonk_ghost_happy_afterlife, chequers_avenue,
          minmay_ruptured, uniq_robin
D:4:      layout_basic, uniq_duvessa
D:5:      layout_basic, lemuel_tele_altar, uniq_menkaure

Skill      XL: |  1  2  3  4  5  6  7 |
---------------+----------------------+-----
Staves         | 3 4 5 7 8 |  8.1
Armour         | |  3.0
Stealth        | |  2.0
Spellcasting   | |  1.0
Necromancy     | |  2.0

Action                     |  1- 3 |  4- 6 |  7- 9 || total
---------------------------+-------+-------+-------++-------
  Melee: Quarterstaff      |   108 |   210 |    83 ||   401
    Use: Potion            |     1 |     1 |     1 ||     3
         Scroll            |       |       |     2 ||     2
   Stab: Sleeping          |       |     2 |       ||     2
 Armour: Ring mail         |    49 |    98 |    40 ||   187
  Dodge: Dodged            |    69 |    95 |    41 ||   205
